 Dungeon Crawl Stone Soup version 0.30.0-15-g856e2d3f33 (webtiles) character file.

Game seed: 4757486571732179865

257 bubby the Sneak (level 6, -2/49 HPs)
             Began as a Naga Enchanter on May 19, 2023.
             Was an Initiate of Ashenzari.
             Slain by an ogre
             ... wielding a +0 giant club
              (36 damage)
             ... on level 5 of the Dungeon on May 20, 2023.
             The game lasted 00:13:28 (3760 turns).

bubby the Sneak (Naga Enchanter)                    Turns: 3760, Time: 00:13:28

Health: -2/49      AC:  3    Str: 10    XL:     6   Next: 16%
Magic:  10/10      EV: 10    Int: 16    God:    Ashenzari [......]
Gold:   167        SH:  0    Dex: 13    Spells: 6/11 levels left

rFire   . . .        s - +1 short sword (drain)
rCold   . . .        (no shield)
rNeg    . . .        b - +0 robe
rPois   +            (no helmet)
rElec   .            (no cloak)
rCorr   .            (no gloves)
SInv    +            (no barding)
Will    +....        (no amulet)
Stlth   +++          u - ring of willpower
HPRegen 0.28/turn    (no ring)
MPRegen 0.12/turn

%: no passive effects
@: very slow
A: AC +2, large, see invisible, deformed body, poison resistance, slowness 2,
spit poison 1, naga tail 1
a: Spit Poison, Renounce Religion


You were on level 5 of the Dungeon.
You worshipped Ashenzari.
Ashenzari was noncommittal.
You visited 2 branches of the dungeon, and saw 6 of its levels.

You collected 167 gold pieces.

Inventory:

Hand Weapons
 a - a +1 dagger
 s - a +1 short sword of draining (weapon)
Missiles
 t - 2 silver boomerangs
Armour
 b - a +0 robe (worn)
Jewellery
 j - an amulet of faith
 q - a ring of fire
 u - a ring of willpower (left hand)
Wands
 v - a wand of paralysis (9)
 w - a wand of polymorph (7)
Scrolls
 d - a scroll of acquirement {unknown}
 e - 4 scrolls of identify {unknown}
 f - 3 scrolls of amnesia {unknown}
 h - a scroll of butterflies {unknown}
 k - 2 scrolls of poison {unknown}
 p - a scroll of immolation {unknown}
 r - a scroll of enchant weapon {unknown}
 x - a scroll of teleportation {unknown}
 y - a scroll of magic mapping {unknown}
Potions
 c - 2 potions of invisibility
 g - 3 potions of heal wounds {unknown}
 i - a potion of cancellation {unknown}
 l - 2 potions of curing {unknown}
 m - a potion of ambrosia {unknown}
 n - 3 potions of lignification {unknown}
 o - 2 potions of haste {unknown}
 z - a potion of might {unknown}
 A - a potion of degeneration {unknown}


   Skills:
 + Level 2.7 Short Blades
 + Level 2.6 Dodging
 + Level 6.0 Stealth
 + Level 3.1 Spellcasting
 + Level 4.0 Hexes


You had 6 spell levels left.
You knew the following spells:

 Your Spells              Type           Power      Damage    Failure   Level
a - Ensorcelled Hibernat  Hex/Ice        16%        N/A       12%         2
b - Tukima's Dance        Hex            15%        N/A       11%         3

Your spell library contained the following spells:

 Spells                   Type           Power      Damage    Failure   Level
 Confusing Touch          Hex            15%        N/A       11%         3
 Beastly Appendage        Tmut           4%         N/A       19%         1
 Magic Dart               Conj           8%         1d3       19%         1
 Dazzling Flash           Conj/Hex       16%        N/A       24%         3
 Blink                    Tloc           4%         N/A       28%         2
 Lesser Beckoning         Tloc           4%         N/A       28%         2
 Momentum Strike          Conj/Tloc      4%         3d8       28%         2
 Searing Ray              Conj           4%         2d4       28%         2
 Wereblood                Tmut           2%         N/A       28%         2
 Hailstorm                Conj/Ice       2%         3d3       50%         3
 Spider Form              Tmut/Pois      2%         N/A       50%         3
 Fulminant Prism          Conj/Hex       4%         3d5       63%         4
 Ice Form                 Ice/Tmut       2%         N/A       88%         4
 Simulacrum               Ice/Necr       1%         N/A       100%        6


Dungeon Overview and Level Annotations

Branches:
Dungeon (5/15)             Temple (1/1) D:4

Altars:
Ashenzari
Cheibriados
Dithmenos
Elyvilon
Fedhas
Gozag
Hepliaklqana
Kikubaaqudgha
Makhleb
Nemelex Xobeh
Okawaru
Qazlal
Uskayaw
Vehumet
Xom
Zin
The Shining One


Innate Abilities, Weirdness & Mutations

Your serpentine skin is tough. (AC +2)
You have supernaturally acute eyesight. (SInv)
Armour fits poorly on your strangely shaped body.
Your system is resistant to poisons. (rPois)
You cover ground very slowly.
You can spit poison.
You have a snake-like lower body.


Message History

Your Stealth skill increases to level 6!
Your Spellcasting skill increases to level 3!
You have reached level 6!
Your skin feels tougher.
A - a murky black potion A sleepcap comes into view.
You see here a metallic sapphire potion.
The helpless sleepcap fails to defend itself.
You impale the sleepcap!!
The sleepcap is severely damaged.
The sleepcap barely misses you.
You hit the sleepcap but do no damage.
The sleepcap is severely damaged.
The sleepcap releases spores at you.
An ogre comes into view. It is wielding a +0 giant club.
The ogre shouts!
You hit the sleepcap. You drain the sleepcap.
You destroy the sleepcap!
Your Hexes skill increases to level 4!
The splash of poison hits the ogre.
The ogre is poisoned.
The ogre is lightly wounded.
You can't do that yet.
Okay, then.
You hit the ogre but do no damage.
The ogre is moderately wounded.
You have got your breath back.
The ogre closely misses you.
You hit the ogre.
The ogre is heavily wounded.
The ogre looks more healthy.
You closely miss the ogre.
The ogre is heavily wounded.
The ogre hits you with a +0 giant club!
You hit the ogre. You punch the ogre, but do no damage.
The ogre is heavily wounded.
You barely miss the ogre.
The ogre is heavily wounded.
The ogre hits you with a +0 giant club!!!
Ouch! That really hurt!
You die...

#..................#
#....#.............#
......#$..........###
#...$....##....##..#
###....#.##........#
#.......(...!##..####
..##..............
........#.#..####..
..........@O.......
#####....##..####...
...................
####........####..#
#.....#..# #........#
....#.#...
####.#.#.... # #
#.###


You could see an ogre.

Vanquished Creatures
  A scorpion (D:5)
  A sleepcap (D:5)
  2 iguanas (D:5)
  4 adders
  5 dart slugs
  2 orcs
  11 ball pythons
  4 bats
  2 endoplasms
  4 giant cockroaches
  11 goblins
  5 hobgoblins
  2 quokkas
  A frilled lizard (D:2)
  6 kobolds
  6 rats
67 creatures vanquished.

Notes
Turn   | Place    | Note
-------+----------+-------------------------------------------
     0 | D:1      | bubby the Naga Enchanter began the quest for the Orb.
     0 | D:1      | Reached XP level 1. HP: 15/15 MP: 3/3
    78 | D:1      | Reached XP level 2. HP: 17/22 MP: 5/5
   463 | D:1      | Learned a level 2 spell: Ensorcelled Hibernation
   498 | D:1      | Reached XP level 3. HP: 24/28 MP: 6/6
   671 | D:1      | Found a faded altar of an unknown god.
   685 | D:1      | Prayed at the altar of an unknown god.
   685 | D:1      | Became a worshipper of Uskayaw the Reveller
   685 | D:1      | Reached * piety under Uskayaw
   864 | D:2      | Learned a level 3 spell: Tukima's Dance
  1046 | D:2      | Reached skill level 5 in Stealth
  1294 | D:2      | Reached ** piety under Uskayaw
  1599 | D:3      | Reached XP level 4. HP: 20/36 MP: 3/7
  3079 | D:4      | Found a staircase to the Ecumenical Temple.
  3369 | Temple   | Entered the Ecumenical Temple
  3430 | Temple   | Fell from the grace of Uskayaw
  3430 | Temple   | Became a worshipper of Ashenzari the Shackled
  3623 | D:5      | Entered Level 5 of the Dungeon
  3625 | D:5      | Reached XP level 5. HP: 42/42 MP: 9/9
  3723 | D:5      | Reached skill level 6 in Stealth
  3723 | D:5      | Reached XP level 6. HP: 45/49 MP: 10/10
  3760 | D:5      | Slain by an ogre

Illustrated notes

Levels and vault maps discovered:
D:1:      nicolae_arrival_somewhat_less_tricky_arrival, layout_rooms,
          ebering_ecumenical_altar_abandoned
D:2:      layout_basic, grunt_ministairs_9, nrook_loot_triangle
D:3:      layout_rooms, roderic_lattice_a, serial_park_tiny_pond,
          kennysheep_cross_room, serial_park_tiny_pond
D:4:      layout_basic, minmay_temple_entry_nine_rooms
D:5:      layout_basic, mainiacjoe_overflow_catwalk, serial_shops,
          nicolae_shop_behind_doors
Temple:   nicolae_temple_bog_church

Skill      XL: |  1  2  3  4  5  6 |
---------------+-------------------+-----
Dodging        | 2 |  2.6
Stealth        | 5 6 |  6.0
Short Blades   | 2 |  2.7
Spellcasting   | 3 |  3.1
Hexes          | 4 |  4.0

Action                     |  1- 3 |  4- 6 || total
---------------------------+-------+-------++-------
  Melee: Dagger            |   133 |    20 ||   153
         Punch             |     2 |     1 ||     3
         Short sword       |       |    69 ||    69
   Cast: Tukima's Dance    |     1 |       ||     1
 Invoke: Stomp             |     1 |     1 ||     2
Ability: Spit Poison       |     5 |     4 ||     9
   Stab: Sleeping          |     3 |     9 ||    12
 Armour: Robe              |    33 |     7 ||    40
  Dodge: Dodged            |    79 |    41 ||   120
